 Dungeon Crawl Stone Soup version 0.31-a0-1278-g11c5b68f87 (webtiles) character file.

Game seed: 179218533235303627

654 mopl the Sneak (level 7, 0/50 HPs)
             Began as a Green Draconian Enchanter on Dec 17, 2023.
             Slain by a sleepcap (7 damage)
             ... on level 5 of the Dungeon.
             The game lasted 00:05:10 (3566 turns).

mopl the Sneak (Green Draconian Enchanter)          Turns: 3566, Time: 00:05:11

Health: 0/50       AC:  6    Str: 10    XL:     7   Next: 29%
Magic:  6/13       EV: 12    Int: 18    God:
Gold:   317        SH:  0    Dex: 11    Spells: 3/14 levels left

rFire   + . .        a - +1 dagger
rCold   . . .        (no shield)
rNeg    . . .        (body armour unavailable)
rPois   +            (helmet restricted)
rElec   .            (no cloak)
rCorr   .            (no gloves)
SInv    .            (no boots)
Will    .....        (no amulet)
Stlth   +++          q - ring of protection from fire
HPRegen 0.28/turn    (no ring)
MPRegen 0.13/turn

%: no passive effects
@: no status effects
A: breathe noxious fumes, AC +6, unfitting armour, poison resistance,
cold-blooded
a: Breathe Noxious Fumes


You were on level 5 of the Dungeon.
You visited 1 branch of the dungeon, and saw 5 of its levels.

You collected 317 gold pieces.

Inventory:

Hand Weapons
 a - a +1 dagger (weapon)
Missiles
 c - 2 darts of dispersal
 m - 5 javelins
 w - 4 atropa-tipped darts
Armour
 s - an orb of light
Jewellery
 q - a ring of protection from fire (left hand)
Wands
 i - a wand of light (10)
Scrolls
 f - a scroll of fog {unknown}
 g - a scroll of teleportation {unknown}
 h - 4 scrolls of identify {unknown}
 j - a scroll of immolation {unknown}
 n - 2 scrolls of vulnerability {unknown}
 o - a scroll of fear {unknown}
 r - a scroll of enchant armour {unknown}
 t - a scroll of noise {unknown}
 u - a scroll of torment {unknown}
Potions
 b - 2 potions of invisibility
 d - a potion of resistance {unknown}
 e - a potion of curing {unknown}
 k - a potion of enlightenment {unknown}
 l - a potion of mutation {unknown}
 p - a potion of degeneration {unknown}
 v - a potion of brilliance {unknown}


   Skills:
 + Level 3.1 Short Blades
 + Level 0.1 Throwing
 - Level 1.7 Dodging
 * Level 5.0 Stealth
 * Level 4.2 Spellcasting
 * Level 4.6 Hexes


You had 3 spell levels left.
You knew the following spells:

 Your Spells              Type           Power      Damage    Failure   Level
a - Dazzling Flash        Conj/Hex       24%        N/A       17%         3
b - Ensorcelled Hibernat  Hex/Ice        24%        N/A       9%          2
c - Confusing Touch       Hex            20%        N/A       6%          3
d - Tukima's Dance        Hex            20%        N/A       6%          3

Your spell library contained the following spells:

 Spells                   Type           Power      Damage    Failure   Level
 Sting                    Tmut/Pois      12%        1d3       14%         1
 Inner Flame              Hex/Fire       12%        N/A       17%         3
 Poisonous Vapours        Pois/Air       6%         N/A       22%         2
 Olgreb's Toxic Radiance  Pois           3%         N/A       82%         4
 Passage of Golubria      Tloc           3%         N/A       82%         4
 Yara's Violent Unravell  Hex/Tmut       6%         3d5       83%         5
 Enfeeble                 Hex            10%        N/A       100%        7
 Discord                  Hex            10%        N/A       100%        8
 Ignition                 Fire           1%         3d3       100%        8


Dungeon Overview and Level Annotations

Branches:
Dungeon (5/15)
 Temple: D:4-7

Altars:
Hepliaklqana
Ru
Sif Muna
Zin

Annotations:
D:3 1 runed translucent door, crawlacc's ghost, amateur DsDe


Innate Abilities, Weirdness & Mutations

You can breathe blasts of noxious fumes.
Your lurid green scales are hard. (AC +6)
You cannot fit into any form of body armour.
Your system is resistant to poisons. (rPois)
You are cold-blooded and may be slowed by cold attacks.


Message History

The sleepcap releases spores at you!
You are too injured to fight recklessly!
You are too injured to fight recklessly!
You are too injured to fight recklessly!
You are too injured to fight recklessly!
You are too injured to fight recklessly!
You are too injured to fight recklessly!
You are too injured to fight recklessly!
You are too injured to fight recklessly!
You are too injured to fight recklessly!
You are too injured to fight recklessly!
You are too injured to fight recklessly!
You are too injured to fight recklessly!
You are too injured to fight recklessly!
You are too injured to fight recklessly!
You are too injured to fight recklessly!
You are too injured to fight recklessly!
You are too injured to fight recklessly!
You are too injured to fight recklessly!
You hit the sleepcap but do no damage.
You tail-slap the sleepcap, but do no damage.
The sleepcap is moderately damaged.
The sleepcap releases spores at you.
You are engulfed in a cloud of soporific spores!
You are unaffected.
You hit the sleepcap.
You tail-slap the sleepcap, but do no damage.
The sleepcap is moderately damaged.
The sleepcap barely misses you.
You hit the sleepcap.
The sleepcap is heavily damaged.
The sleepcap releases spores at you.
You are engulfed in a cloud of soporific spores!
You fall asleep.
The sleepcap releases spores at you!
You wake up.
* * * LOW HITPOINT WARNING * * *
You are engulfed in a cloud of soporific spores!
You are unaffected.
The sleepcap attacks as it pursues you! The sleepcap releases spores at you!
You die...

####....#...####
#.......##.......
##......)##...##.###
.'................<#
##........#.####..#
.'........#.####..##
##....##...........# #
##.................# .#
###...##.##.....@f.# .8#
..#......##...#.#..#...#
..#.....(..........o...#
..#+#....###..#.#..#.....8
.## ##.#.###..#.#..# .....
#........#.#..###########
#.......................#
#..............########'##
#....###.#.#...#.........#


You could see a sleepcap and an orc.

Vanquished Creatures
  Sigmund (D:2)
  A black bear (D:5)
  A phantom (D:3)
  2 wights (D:4)
  2 iguanas (D:5)
  3 adders
  3 gnolls (D:4)
  A worm (D:3)
  2 orcs (D:3)
  8 bats
  4 endoplasms
  A giant cockroach (D:1)
  8 goblins
  3 hobgoblins
  9 jackals
  7 quokkas
  6 ball pythons
  4 frilled lizards
  7 kobolds
  A rat (D:1)
74 creatures vanquished.

Vanquished Creatures (collateral kills)
  A wight (D:4)
1 creature vanquished.

Grand Total: 75 creatures vanquished

Notes
Turn   | Place    | Note
-------+----------+-------------------------------------------
     0 | D:1      | mopl the Draconian Enchanter began the quest for the Orb.
     0 | D:1      | Reached XP level 1. HP: 14/14 MP: 3/3
   130 | D:1      | Reached XP level 2. HP: 11/20 MP: 5/5
   147 | D:1      | Learned a level 2 spell: Ensorcelled Hibernation
   318 | D:1      | Reached skill level 3 in Stealth
   342 | D:1      | Reached skill level 3 in Hexes
   750 | D:1      | Reached XP level 3. HP: 26/26 MP: 6/6
   875 | D:2      | Found a sacrificial altar of Ru.
   972 | D:2      | Noticed Sigmund
  1000 | D:2      | Killed Sigmund
  1001 | D:2      | Reached skill level 2 in Short Blades
  1001 | D:2      | Reached skill level 3 in Spellcasting
  1001 | D:2      | Reached XP level 4. HP: 15/33 MP: 6/8
  1001 | D:2      | Reached XP level 5. HP: 17/38 MP: 6/9
  1085 | D:2      | Learned a level 3 spell: Confusing Touch
  1089 | D:2      | Learned a level 3 spell: Tukima's Dance
  1470 | D:2      | Reached skill level 4 in Stealth
  1706 | D:3      | Found a hazy altar of Hepliaklqana.
  1970 | D:3      | Noticed crawlacc's ghost (amateur DsDe)
  1971 | D:3      | Found a runed translucent door.
  2361 | D:4      | Noticed a phantom
  2387 | D:3      | Killed a phantom
  2388 | D:3      | Reached skill level 4 in Hexes
  2388 | D:3      | Reached XP level 6. HP: 26/45 MP: 4/11
  2585 | D:4      | Found Paba's Self-Improvement Boutique.
  3096 | D:4      | Learned a level 3 spell: Dazzling Flash
  3115 | D:5      | Entered Level 5 of the Dungeon
  3195 | D:5      | Found a glowing silver altar of Zin.
  3209 | D:5      | Reached skill level 3 in Short Blades
  3209 | D:5      | Reached skill level 4 in Spellcasting
  3209 | D:5      | Your scales start taking on a lurid green colour.
  3209 | D:5      | Reached XP level 7. HP: 17/50 MP: 7/13
  3209 | D:5      | Gained mutation: Your system is resistant to poisons.
                  | (rPois) [Green Draconian growth]
  3219 | D:5      | Reached skill level 5 in Stealth
  3470 | D:5      | Found a shimmering blue altar of Sif Muna.
  3566 | D:5      | Slain by a sleepcap

Illustrated notes

Levels and vault maps discovered:
D:1:      dpeg_arrival_stone_temple_mockup, layout_basic, amethyst_killhole
D:2:      layout_basic, basic_altar, uniq_sigmund
D:3:      layout_rooms, worldfamousw_hep_ancestral_shrine,
          gammafunk_ghost_grave, serial_bayou_lake_a
D:4:      layout_rooms, nicolae_shop_self_help
D:5:      layout_basic, pdpol_temple_overflow_zin_treasury_gozag_greed,
          mainiacjoe_overflow_paths, serial_curves, eino_curves_04,
          eino_curves_02, eino_curves_02, kennysheep_diamond,
          nicolae_nh_oracle_at_delphi

Skill      XL: |  1  2  3  4  5  6  7 |
---------------+----------------------+-----
Stealth        | 3 4 5 |  5.0
Hexes          | 3 4 |  4.6
Short Blades   | 2 3 |  3.1
Spellcasting   | 3 4 |  4.2
Throwing       | |  0.1
Dodging        | |  1.7

Action                     |  1- 3 |  4- 6 |  7- 9 || total
---------------------------+-------+-------+-------++-------
  Melee: Dagger            |   123 |   174 |    58 ||   355
         Tailslap          |    14 |    21 |    10 ||    45
         Punch             |       |     2 |       ||     2
   Cast: Ensorcelled Hiber |     1 |    17 |     5 ||    23
         Confusing Touch   |       |     5 |       ||     5
         Tukima's Dance    |       |     2 |       ||     2
Ability: Breathe Noxious F |       |       |     1 ||     1
   Stab: Sleeping          |     2 |    15 |     2 ||    19
         Confused          |       |     5 |       ||     5
 Armour: Skin              |    82 |   107 |    49 ||   238
  Dodge: Dodged            |    97 |   111 |    42 ||   250

Table legend: (Time is in decaauts)
 A = Elapsed time spent in this place.
 B = Non-inter-level travel time spent in this place.
 C = Inter-level travel time spent in this place.
 D = Time resting spent in this place.
 E = Time spent auto-exploring this place.
 F = Levels seen in this place.
 G = Mean time per level.
                   A        B        C        D        E       F      G
               +--------+--------+--------+--------+--------+-----+--------+
         Total |   3541 |   3474 |     67 |    585 |   2146 |   5 |  708.2 |
       Dungeon |   3541 |   3474 |     67 |    585 |   2146 |   5 |  708.2 |
               +--------+--------+--------+--------+--------+-----+--------+

Top non-repeatable levels by time:
     D:3: 905 daAuts
     D:1: 868 daAuts
     D:2: 668 daAuts
     D:4: 658 daAuts
     D:5: 440 daAuts
